 Dungeon Crawl Stone Soup version 0.20-b1-2-gc5a9893 (webtiles) character file.

179 Cerepol the Cudgeler (level 5, 0/36 HPs)
             Began as a Demonspawn Monk on May 22, 2017.
             Was a Believer of Hepliaklqana.
             Shot with an arrow by a centaur (5 damage)
             ... on level 4 of the Dungeon.
             The game lasted 00:07:18 (3950 turns).

Cerepol the Cudgeler (Demonspawn Monk)              Turns: 3950, Time: 00:07:19

Health: 0/36       AC: 12    Str: 12    XL:     5   Next: 32%
Magic:  5/5        EV:  6    Int: 11    God:    Hepliaklqana [**....]
Gold:   138        SH:  0    Dex: 16    Spells: 4/4 levels left

rFire    . . .     SeeInvis .   a - +0 mace
rCold    . . .     Gourm    .   (no shield)
rNeg     . . .     Faith    .   l - +0 chain mail
rPois    .         Spirit   .   j - +2 hat
rElec    .         Reflect  .   (no cloak)
rCorr    .         Harm     .   (no gloves)
MR       .....                  (no boots)
Stlth    ..........             (no amulet)
Regen    0.2/turn               (no ring)
MPRegen  0.1/turn               (no ring)

@: no status effects
A: reduced essence, thin metallic scales 1, powered by death 2
a: Recall Ancestor, Ancestor Identity, Renounce Religion


You were on level 4 of the Dungeon.
You worshipped Hepliaklqana.
Hepliaklqana was pleased with you.
You were not hungry.

You visited 1 branch of the dungeon, and saw 4 of its levels.

You collected 138 gold pieces.

Inventory:

Hand Weapons
 a - a +0 mace (weapon)
Armour
 d - a +0 shield
 j - a +2 hat (worn)
 l - a +0 chain mail (worn)
Scrolls
 b - a scroll of fog
 g - a scroll of identify
 h - 4 scrolls of remove curse
 m - 2 scrolls of teleportation {unknown}
Potions
 e - a potion of heal wounds {unknown}
 f - a potion of invisibility {unknown}
 i - 2 potions of might {unknown}
 k - a potion of degeneration {unknown}
 n - a potion of agility {unknown}
 p - 2 potions of cancellation {unknown}
Comestibles
 c - a bread ration
 o - 2 chunks of flesh


   Skills:
 - Level 3.0 Fighting
 + Level 5.5 Maces & Flails
 - Level 2.6 Dodging
 - Level 1.7 Stealth


You had 4 spell levels left.
You didn't know any spells.

Dungeon Overview and Level Annotations

Branches:
Dungeon (4/15)
 Temple: D:4-7

Altars:
Hepliaklqana
Trog
Xom

Annotations:
D:2 Terence
D:4 Gadfly's ghost, amateur KoAs


Innate Abilities, Weirdness & Mutations

You are partially covered in thin metallic scales. (AC +2)
You regenerate health from kills.
Your life essence is reduced. (-10% HP)


Message History

You see here an arrow.
You swap places.
Teicuih closely misses Gadfly's ghost.
For a moment, Gadfly's ghost blends into the shadows.
Gadfly's ghost hits you but does no damage.
The centaur shoots an arrow.
The arrow hits Teicuih!
You see here an arrow.
The centaur shoots an arrow.
The arrow barely misses Teicuih.
The arrow misses Gadfly's ghost.
The arrow hits you but does no damage.
Teicuih hits Gadfly's ghost with a quarterstaff.
You see here an arrow.
The centaur shoots an arrow.
The arrow barely misses Teicuih.
The arrow closely misses Gadfly's ghost.
The arrow hits you.
* * * LOW HITPOINT WARNING * * *
Teicuih casts a spell at Gadfly's ghost.
The stone arrow hits Gadfly's ghost.
You see here an arrow.
The centaur shoots an arrow.
The arrow barely misses Teicuih.
The arrow barely misses Gadfly's ghost.
The arrow hits you.
You die...

.# .# ...# .# .# ...
.##.# w.# .##.# ..#
.##.## #####.w#
#>...... ...#..#####
##..######
#####.........
##......#
#.@(W(R..c....
##..####.#
#.#####.#.#### #R#.#
#.# ##.## $#
.##.####.######...# .#
###.........##.#.#.##
.#
######.##.<..........#
#.#####.#.#.###.# #.#
##...## .. #.. ..##


You could see the friendly Teicuih the battlemage, a centaur and Gadfly's ghost.

Vanquished Creatures
  A worker ant (D:4)
  5 adders
  A worm (D:2)
  5 dart slugs
  3 leopard geckos
  An orc (D:3)
  A ball python (D:1)
  5 giant cockroaches
  6 goblins
  5 hobgoblins
  7 jackals
  2 quokkas
  4 bats
  5 frilled lizards
  4 kobolds
  7 rats
62 creatures vanquished.

Vanquished Creatures (collateral kills)
  A centaur skeleton (D:4)
  An orc (D:4)
2 creatures vanquished.

Grand Total: 64 creatures vanquished

Notes
Turn   | Place    | Note
-------+----------+-------------------------------------------
     0 | D:1      | Cerepol the Demonspawn Monk began the quest for the Orb.
     0 | D:1      | Reached XP level 1. HP: 18/18 MP: 1/1
    45 | D:1      | Reached skill level 3 in Maces & Flails
    93 | D:1      | Gained mutation: You regenerate a little health from kills. [demonic ancestry]
    93 | D:1      | Reached XP level 2. HP: 9/24 MP: 2/2
  1005 | D:2      | You fall through a shaft!
  1033 | D:3      | Reached XP level 3. HP: 28/29 MP: 3/3
  1118 | D:2      | Reached skill level 4 in Maces & Flails
  1416 | D:2      | Noticed Terence
  2326 | D:1      | HP: 1/29 [worm (7)]
  2746 | D:2      | Gained mutation: You are partially covered in thin metallic scales. (AC +2) [demonic ancestry]
  2746 | D:2      | Reached XP level 4. HP: 21/35 MP: 4/4
  3207 | D:3      | Found a bloodstained altar of Trog.
  3455 | D:3      | Reached skill level 5 in Maces & Flails
  3641 | D:3      | Found a hazy altar of Hepliaklqana.
  3642 | D:3      | Found a shimmering altar of Xom.
  3642 | D:3      | Noticed a hell beast
  3643 | D:3      | Noticed a hell beast
  3643 | D:3      | Noticed a spectral ugly thing
  3779 | D:3      | Became a worshipper of Hepliaklqana the Forgotten
  3779 | D:3      | Reached * piety under Hepliaklqana
  3779 | D:3      | Reached ** piety under Hepliaklqana
  3808 | D:4      | Remembered your ancestor Teicuih as a battlemage
  3815 | D:4      | Gained mutation: You regenerate health from kills. [demonic ancestry]
  3815 | D:4      | Reached XP level 5. HP: 36/36 MP: 5/5
  3943 | D:4      | Noticed Gadfly's ghost (amateur KoAs)
  3945 | D:4      | Noticed a centaur
  3950 | D:4      | Shot with an arrow by a centaur

Skill      XL: |  1  2  3  4 |
---------------+-------------+-----
Maces & Flails | 3 4 5 |  5.5
Fighting       | |  3.0
Dodging        | |  2.6
Stealth        | |  1.7

Action                   |  1- 3 |  4- 6 || total
-------------------------+-------+-------++-------
Melee: Mace              |   146 |   104 ||   250
Invok: Ancestor Life: Ba |       |     1 ||     1
  Use: Scroll            |       |     4 ||     4
 Stab: Sleeping          |     7 |       ||     7
       Distracted        |       |     1 ||     1
  Eat: Chunk             |     2 |     3 ||     5
       Bread ration      |     1 |       ||     1
Armor: Robe              |    14 |       ||    14
       Ring mail         |    33 |     3 ||    36
       Chain mail        |       |    75 ||    75
Dodge: Dodged            |    92 |    39 ||   131
